 Dungeon Crawl Stone Soup version 0.21-a0-59-g7b0e191 (webtiles) character file.

105 Ijustatesigmund the Sneak (level 4, -2/31 HPs)
             Began as an Octopode Assassin on June 16, 2017.
             Slain by a gnoll
             ... wielding a +0 spear
              (3 damage)
             ... on level 3 of the Dungeon.
             The game lasted 00:04:24 (2356 turns).

Ijustatesigmund the Sneak (Octopode Assassin)       Turns: 2356, Time: 00:04:25

Health: -2/31      AC:  1    Str: 10    XL:     4   Next: 81%
Magic:  4/4        EV: 12    Int: 13    God:
Gold:   81         SH:  0    Dex: 14    Spells: 3/3 levels left

rFire    . . .     SeeInvis .   q - +2 flail (protect)
rCold    . . .     Gourm    .   (no shield)
rNeg     . . .     Faith    .   (helmet restricted)
rPois    .         Spirit   .   (no amulet)
rElec    .         Reflect  .   k - ring of protection from magic
rCorr    .         Harm     .   (no ring)
MR       +....                  (no ring)
Stlth    ++++......             (no ring)
HPRegen  0.10/turn              (no ring)
MPRegen  0.09/turn              (no ring)
                                (no ring)
                                (no ring)

@: flying, drained
A: almost no armour, stealthy swim, amphibious, 8 rings, constrict 8, camouflage
1, gelatinous body 1
a: no special abilities


You were on level 3 of the Dungeon.
You were not hungry.

You visited 1 branch of the dungeon, and saw 3 of its levels.

You collected 81 gold pieces.

Inventory:

Hand Weapons
 a - a +2 dagger
 b - a +0 blowgun
 o - a +2 dagger of venom
 q - a +2 flail of protection (weapon)
Missiles
 c - 8 poisoned needles
 d - 2 curare-tipped needles
Jewellery
 k - a ring of protection from magic (left tentacle)
Scrolls
 e - a scroll of fog {unknown}
 g - 5 scrolls of teleportation {unknown}
 i - a scroll of identify {unknown}
 j - 3 scrolls of enchant armour {unknown}
 l - a scroll of amnesia {unknown}
 m - a scroll of remove curse {unknown}
 n - 2 scrolls of magic mapping {unknown}
Comestibles
 f - 2 bread rations


   Skills:
 + Level 3.4(2.3) Fighting
 - Level 3.7(2.5) Short Blades
 + Level 0.6(0.0) Maces & Flails
 - Level 2.0(0.9) Throwing
 - Level 1.0(0.0) Dodging
 - Level 5.3(4.1) Stealth


You had 3 spell levels left.
You didn't know any spells.

Dungeon Overview and Level Annotations

Branches:
Dungeon (3/15)

Altars:
Ru


Innate Abilities, Weirdness & Mutations

You cannot wear most types of armour.
You are very stealthy in the water. (Stealth+)
You are amphibious.
You can wear up to eight rings at the same time.
You can use your tentacles to constrict eight enemies at once.
Your skin changes colour to match your surroundings (Stealth+).
Your rubbery body absorbs attacks. (AC +1, EV +1)


Message History

The gnoll shouts! x3; You hear a shout!
The gnoll hits you from afar with a spear.
A gnoll comes into view. It is wielding a spear.
The gnoll hits you from afar with a spear!
The gnoll hits you with a spear.
You are too injured to fight recklessly!
You are too injured to fight recklessly!
You are too injured to fight recklessly!
You are too injured to fight recklessly!
It was a potion of flight.
You feel very buoyant.
You fly up into the air.
The gnoll hits you from afar with a spear!
* * * LOW HITPOINT WARNING * * *
The gnoll misses you.
You closely miss the gnoll. You grab the gnoll. You squeeze the gnoll.
The gnoll is heavily wounded.
You constrict the gnoll, but do no damage.
The gnoll hits you from afar with a spear.
You die...

+...#...#.#..#
#...+.#.#.#..#
+...#.###.#..#
#...#.#...#..#
....#...###..#####
#.#.#.....#......#
.#.##...####.###.######
#.#.#.................#
.#.##..######.##@####.#
#+#........†...#g#
...##..........#g#
.).'#..........#g#
...#########.#.#g.
..)'# ..#.### ...##
###.# ...# .# ####


You could see 4 gnolls.

Vanquished Creatures
  5 adders
  An ooze (D:1)
  A worm (D:2)
  2 dart slugs
  4 orcs (D:3)
  A ball python (D:1)
  A giant cockroach (D:2)
  4 goblins
  8 hobgoblins
  3 kobolds (D:1)
  2 quokkas (D:2)
  5 bats
  5 frilled lizards
  3 rats (D:1)
45 creatures vanquished.

Notes
Turn   | Place    | Note
-------+----------+-------------------------------------------
     0 | D:1      | Ijustatesigmund the Octopode Assassin began the quest for the Orb.
     0 | D:1      | Reached XP level 1. HP: 14/14 MP: 1/1
   201 | D:1      | Reached XP level 2. HP: 18/20 MP: 2/2
   690 | D:1      | Reached XP level 3. HP: 24/25 MP: 3/3
  1503 | D:2      | HP: 1/39 [poisoned by an adder]
  1837 | D:2      | Reached XP level 4. HP: 31/31 MP: 4/4
  1914 | D:2      | Found a sacrificial altar of Ru.
  2355 | D:3      | HP: 1/31 [gnoll/spear (9)]
  2356 | D:3      | Slain by a gnoll

Vault maps used:
D:1:      minmay_arrival_shoal_huts, kennysheep_nondescript
D:2:      lemuel_coloured_pillars_altar
D:3:      uniq_jessica

Skill      XL: |  1  2  3 |
---------------+----------+-----
Short Blades   | 3 |  3.7
Fighting       | 3 |  3.4
Maces & Flails | |  0.6
Throwing       | |  2.0
Dodging        | |  1.0
Stealth        | |  5.3

Action                   |  1- 3 |  4- 6 || total
-------------------------+-------+-------++-------
Melee: Dagger            |    63 |    25 ||    88
       Constrict         |     9 |     8 ||    17
       Tentacles         |     6 |     3 ||     9
       Flail             |       |     5 ||     5
  Use: Potion            |     1 |     1 ||     2
 Stab: Sleeping          |    10 |     3 ||    13
  Eat: Chunk             |     2 |     2 ||     4
Armor: Skin              |     2 |     3 ||     5
Dodge: Dodged            |    31 |    11 ||    42
